 Dungeon Crawl Stone Soup version 0.20-a0-1117-g62da73f (webtiles) character file.

254 Wendigo the Archer (level 5, -3/41 HPs)
             Began as a Centaur Hunter on May 9, 2017.
             Slain by a worker ant (6 damage)
             ... on level 4 of the Dungeon.
             The game lasted 00:05:14 (3792 turns).

Wendigo the Archer (Centaur Hunter)                 Turns: 3792, Time: 00:05:14

Health: -3/41      AC:  7    Str: 16    XL:     5   Next: 91%
Magic:  5/5        EV:  7    Int: 10    God:
Gold:   187        SH:  0    Dex: 11    Spells: 4/4 levels left

rFire    . . .     SeeInvis .   b - +3 spear
rCold    . . .     Gourm    .   (no shield)
rNeg     . . .     Faith    .   o - +0 scale mail
rPois    .         Spirit   .   (no helmet)
rElec    .         Reflect  .   (no cloak)
rCorr    +         Harm     .   (no gloves)
MR       .....                  (no barding)
Stlth    ..........             (no amulet)
Regen    0.2/turn               n - ring of resist corrosion
MPRegen  0.1/turn               (no ring)

@: lethally poisoned (-3 -> -21), very quick
A: hooves 3, agile 1, deformed body, speed 2, shaggy fur 1, tough skin 3
a: no special abilities


You were on level 4 of the Dungeon.
You were not hungry.

You visited 1 branch of the dungeon, and saw 4 of its levels.

You collected 187 gold pieces.

Inventory:

Hand Weapons
 a - a +1 shortbow
 b - a +3 spear (weapon)
Missiles
 d - 52 arrows
Armour
 c - a +0 leather armour
 m - a +0 ring mail
 o - a +0 scale mail (worn)
Jewellery
 n - a ring of resist corrosion (left hand)
 x - an uncursed amulet of rage {unknown}
Scrolls
 e - 5 scrolls of identify {unknown}
 g - a scroll of remove curse {unknown}
 h - a scroll of noise {unknown}
 k - 2 scrolls of amnesia {unknown}
 p - a scroll of immolation {unknown}
 r - a scroll of fog {unknown}
 w - a scroll of enchant weapon {unknown}
 y - a scroll of recharging {unknown}
 A - a scroll of magic mapping {unknown}
Potions
 i - a potion of haste {unknown}
 l - a potion of degeneration {unknown}
 s - a potion of mutation
 t - a potion of curing {unknown}
 u - a potion of lignification {unknown}
 v - a potion of magic
Comestibles
 f - 4 bread rations
 j - a meat ration
 q - a royal jelly
 z - a chunk of flesh


   Skills:
 - Level 2.0 Fighting
 + Level 9.5 Bows
 - Level 1.3 Dodging
 - Level 0.4 Stealth


You had 4 spell levels left.
You didn't know any spells.

Dungeon Overview and Level Annotations

Branches:
Dungeon (4/15)
 Temple: D:4-7

Altars:
Elyvilon
Fedhas
The Shining One


Innate Abilities, Weirdness & Mutations

You have hooves in place of feet.
Armour fits poorly on your strangely shaped body.
You cover ground very quickly.
You have extremely tough skin. (AC +3)
You are agile. (Dex +2)
You are covered in fur. (AC +1)


Message History

The worker ant poisons you!
The hobgoblin hits you but does no damage.
You closely miss the worker ant.
The worker ant is severely wounded.
You feel sick. The worker ant bites you.
* * * LOW HITPOINT WARNING * * *
You are more poisoned.
The worker ant poisons you! The hobgoblin barely misses you.
The worker ant bites you.
* * * LOW HITPOINT WARNING * * *
It was a potion of mutation.
You feel extremely strange. Fur sprouts all over your body.
You feel agile.
* * * LOW HITPOINT WARNING * * *
You feel sick. The worker ant bites you.
* * * LOW HITPOINT WARNING * * *
The hobgoblin hits you but does no damage.
It was a potion of magic.
Magic courses through your body.
* * * LOW HITPOINT WARNING * * *
You feel sick. The worker ant bites you.
You die...

...# ## #...# #.....
#..###.##.#.## #.#...
#..#........####.#...
#..##..###......#...
##.##.##.##.#####...
##.....# ..#...# #.##
#....####'####..##.#
#.##a##g#...# #.....
#..@gggg..+ .##.#
#..##g#...# .#####
#....### ## ......
#.##. ...... #. ##
.##### #. .. ..####


You could see a worker ant, 4 hobgoblins and 2 goblins.

Vanquished Creatures
  An orc priest (D:4)
  Jessica (D:2)
  A worker ant (D:4)
  A hound skeleton (D:4)
  8 adders
  2 worms
  3 dart slugs
  A leopard gecko (D:1)
  11 orcs
  4 giant cockroaches
  11 goblins
  7 hobgoblins
  6 kobolds
  7 bats
  3 frilled lizards
  6 rats
73 creatures vanquished.

Notes
Turn   | Place    | Note
-------+----------+-------------------------------------------
     0 | D:1      | Wendigo the Centaur Hunter began the quest for the Orb.
     0 | D:1      | Reached XP level 1. HP: 17/17 MP: 1/1
   233 | D:1      | Reached XP level 2. HP: 17/24 MP: 2/2
   241 | D:1      | Reached skill level 6 in Bows
   822 | D:2      | Reached XP level 3. HP: 24/29 MP: 3/3
   978 | D:2      | Noticed Jessica
   981 | D:2      | Killed Jessica
   981 | D:2      | Reached skill level 7 in Bows
  1175 | D:2      | Found a white marble altar of Elyvilon.
  1199 | D:2      | Found a blossoming altar of Fedhas.
  1212 | D:2      | Reached XP level 4. HP: 35/36 MP: 4/4
  1483 | D:2      | Found a glowing golden altar of the Shining One.
  2178 | D:3      | Reached skill level 8 in Bows
  2662 | D:3      | Reached XP level 5. HP: 41/41 MP: 5/5
  3437 | D:4      | Reached skill level 9 in Bows
  3791 | D:4      | Gained mutation: You are covered in fur. (AC +1) [potion of mutation]
  3791 | D:4      | Gained mutation: You are agile. (Dex +2) [potion of mutation]
  3792 | D:4      | Slain by a worker ant

Vault maps used:
D:1:      dpeg_arrival_water_fire
D:2:      old_standard_altar, nicolae_overflow_crystal_walls, fedhas_altar_1,
          uniq_jessica
D:3:      first_bread
D:4:      cheibrodos_greedy_goblins, grunt_temple_overflow_gold_and_silver,
          lemuel_crystal_altar, minmay_quantized

Skill      XL: |  1  2  3  4  5 |
---------------+----------------+-----
Bows           | 6 7 8 9 |  9.5
Fighting       | |  2.0
Dodging        | |  1.3
Stealth        | |  0.4

Action                   |  1- 3 |  4- 6 || total
-------------------------+-------+-------++-------
Melee: Short sword       |    84 |    45 ||   129
       Kick              |     9 |    31 ||    40
       Spear             |       |   130 ||   130
 Fire: Shortbow          |    24 |    22 ||    46
  Use: Potion            |       |     2 ||     2
  Eat: Chunk             |       |     7 ||     7
Armor: Leather armour    |    24 |       ||    24
       Scale mail        |    22 |    80 ||   102
       Ring mail         |     3 |       ||     3
Dodge: Dodged            |    49 |    55 ||   104
